AoeStats
← Jar3p0

Arabia

507604085Analyzed
1v1 RM · 15d ago on Sep 19, 2026· 36m 41s· 2 players
Game mode
Random Map
Map size
Tiny (2 player)
Population
200
Speed
Normal
Resources
Standard
Victory
Conquest
Starting age
Dark Age
Ending age
Imperial Age
RankedLock teamsTeams togetherTeam positionsShared explorationLock speedFull tech treeHidden civsTurbo modeCheats
Victory
Defeat
🇺🇸 Italians · United States
1198
+17
🇲🇽 Armenians · Mexico
1219
-17
Jar3p0
5:15 Loom
9:59 Feudal Age
13:42 Double-Bit Axe
18:07 Castle Age
17:13 Fletching
18:00 Bloodlines
18:13 Crossbowman
19:40 Bodkin Arrow
23:12 Scale Barding Armor
24:45 Forging
24:56 Chain Barding Armor
26:58 Pikeman
29:52 Ballistics
30:25 Thumb Ring
36:05 Imperial Age
34:05 Light Cavalry
38:17 Chemistry
36:38 Arbalester
37:19 Bracer
moises_-cmtz
1:36 Loom
10:01 Feudal Age
20:56 Castle Age
20:02 Fletching
21:16 Padded Archer Armor
21:00 Elite Skirmisher
22:09 Bodkin Arrow
26:10 Gold Mining
30:39 Wheelbarrow
33:10 Sanctity
36:27 Redemption
Connection lost

Rejoining the realm…

Still unreachable

The connection could not be restored.

Session expired

The server has moved on; the page needs a fresh start.